AoeStats
← 沒起房子我日

Pilgrims

510075992Analyzed
4v4 RM · 2d ago on Sep 29, 2026· 11m 49s· 8 players
Game mode
Random Map
Map size
Large (8 player)
Population
200
Speed
Normal
Resources
Standard
Victory
Conquest
Starting age
Dark Age
Ending age
Imperial Age
RankedLock teamsTeams togetherTeam positionsShared explorationLock speedFull tech treeHidden civsTurbo modeCheats
Victory
Defeat
🇹🇼 Danes · Taiwan
1555
+13
🇹🇼 Varangians · Taiwan
1487
+16
🇨🇳 Mongols · China
1482
+16
🇻🇳 Vikings · Vietnam
1404
+18
🇫🇷 Varangians · France
1784
-27
🇮🇪 Malay · Ireland
1442
-14
🇨🇳 Lithuanians · China
1356
-11
🇻🇳 Maya · Vietnam
1351
-11
逸丶然
6:03 Loom
10:54 Feudal Age
11:31 Town Watch
沒起房子我日
9:10 Loom
11:08 Feudal Age
好奇小牛
3:15 Loom
11:34 Feudal Age
No_hope
3:35 Loom
IWUDJA
AOKI_Gryphon
半时
mryendl2410
4:33 Loom
Connection lost

Rejoining the realm…

Still unreachable

The connection could not be restored.

Session expired

The server has moved on; the page needs a fresh start.